 Dungeon Crawl Stone Soup version 0.29-a0-716-gf28ee254f9 (console) character file.

Game seed: 7910163862260537374

68123 CannotBeFrozen the Carver (level 14, -16/118 HPs)
             Began as a Demigod Warper on June 25, 2022.
             Demolished by a titanic slime creature (77 damage)
             ... on level 14 of the Dungeon on June 26, 2022.
             The game lasted 01:53:12 (33141 turns).

CannotBeFrozen the Carver (Demigod Warper)         Turns: 33141, Time: 01:53:13

Health: -16/118    AC: 27    Str: 15    XL:     14   Next: 45%
Magic:  25/25      EV: 16    Int: 19    God:
Gold:   1689       SH:  5    Dex: 25    Spells: 7/23 levels left

rFire   + . .      SeeInvis .   a - +5 scimitar (freeze)
rCold   + . .      Faith    .   (no shield)
rNeg    . . .      Spirit   .   M - +8 chain mail of the Pits of Slime {rCorr}
rPois   .          Reflect  +   p - +0 helmet
rElec   .          Harm     .   q - scarf {rC+ rF+}
rCorr   +          Rampage  .   A - +0 pair of gloves "Jetwixoe" {Str+3}
Will    +....                   v - +0 pair of boots
Stlth   ..........              w - amulet of reflection
HPRegen 0.29/turn               T - +4 ring of evasion
MPRegen 0.19/turn               V - +4 ring of protection

@: no status effects
A: high MP 1, forlorn, divine attributes
a: no special abilities


You were on level 14 of the Dungeon.
You visited 2 branches of the dungeon, and saw 20 of its levels.
You also visited: Ossuary, Gauntlet and Ice Cave.

You collected 1797 gold pieces.
You spent 108 gold pieces at shops.

Inventory:

Hand Weapons
 a - a +5 scimitar of freezing (weapon)
 b - a +1 scimitar of flaming
Missiles
 r - 5 throwing nets {=f=F}
 s - 6 boomerangs
 z - 26 poisoned darts (quivered)
 P - 3 silver javelins
 S - a curare-tipped dart {=f=F}
Armour
 p - a +0 helmet (worn)
 q - a scarf of resistance (worn)
 v - a +0 pair of boots (worn)
 A - the +0 pair of gloves "Jetwixoe" (worn) {Str+3}
   (You found it in a Gauntlet)

   Str:       It affects your strength (+3).
 M - the +8 chain mail of the Pits of Slime (worn) {rCorr}
   (You found it on level 10 of the Dungeon)

   rCorr:     It protects you from acid and corrosion.
Jewellery
 l - the ring "Danut" {*Corrode rC+++ Int+6 Dex+5}
   (You found it in a Gauntlet)

   [ring of intelligence]

   Int:       It affects your intelligence (+6).
   Dex:       It affects your dexterity (+5).
   rC:        It renders you almost immune to cold.
   *Corrode:  It may corrode you when you take damage.
 m - a ring of positive energy
 w - an amulet of reflection (around neck)
 C - an amulet of regeneration
 G - a ring of see invisible
 I - a ring of flight
 L - a ring of poison resistance
 T - a +4 ring of evasion (left hand)
 V - a +4 ring of protection (right hand)
Wands
 k - a wand of iceblast (6)
 F - a wand of polymorph (9)
 W - a wand of acid (6)
 X - a wand of charming (9)
Scrolls
 c - 4 scrolls of blinking
 e - a scroll of enchant weapon
 g - 6 scrolls of immolation
 i - 4 scrolls of poison
 x - 10 scrolls of teleportation {@r2}
 H - a scroll of magic mapping
 J - 4 scrolls of fog
 O - 5 scrolls of identify {@r1}
 Q - a scroll of torment
 U - 6 scrolls of fear
 Y - a scroll of acquirement
 Z - 2 scrolls of enchant armour
Potions
 d - 2 potions of heal wounds {@q2}
 f - a potion of might
 h - 12 potions of curing {@q1}
 j - 2 potions of haste
 n - a potion of resistance
 o - 2 potions of flight
 t - a potion of brilliance
 u - 6 potions of attraction
 B - 2 potions of cancellation
 D - a potion of invisibility
 E - 4 potions of mutation
 K - 3 potions of magic
 N - 6 potions of lignification
Miscellaneous
 y - a phial of floods
 R - a box of beasts (inert)


   Skills:
 + Level 9.3 Fighting
 - Level 14.0 Long Blades
 - Level 0.8 Throwing
 + Level 8.9 Armour
 + Level 8.9 Dodging
 - Level 5.0 Spellcasting
 - Level 12.1 Translocations
 - Level 5.0 Evocations


You had 7 spell levels left.
You knew the following spells:

 Your Spells              Type           Power      Damage    Failure   Level
b - Lesser Beckoning      Tloc           50%        N/A       3%          3
g - Gell's Gravitas       Tloc           50%        N/A       3%          3
m - Manifold Assault      Tloc           50%        N/A       30%         5
t - Teleport Other        Tloc           50%        N/A       3%          3
z - Blink                 Tloc           100%       N/A       1%          2

Your spell library contained the following spells:

 Spells                   Type           Power      Damage    Failure   Level
 Portal Projectile        Hex/Tloc       54%        N/A       38%         3
 Foxfire                  Conj/Fire      16%        2x1d4     86%         1
 Necrotize                Necr           16%        1d4       86%         1
 Sting                    Tmut/Pois      16%        1d3       86%         1
 Poisonous Vapours        Pois/Air       8%         N/A       94%         2
 Summon Forest            Summ/Tloc      13%        N/A       98%         5
 Call Canine Familiar     Summ           4%         N/A       99%         3
 Conjure Flame            Conj/Fire      4%         6-21      99%         3
 Inner Flame              Hex/Fire       4%         N/A       99%         3
 Ozocubu's Armour         Ice            4%         N/A       99%         3
 Vampiric Draining        Necr           4%         2d6       99%         3
 Animate Dead             Necr           4%         N/A       100%        4
 Flame Wave               Conj/Fire      4%         2d5       100%        4
 Leda's Liquefaction      Hex/Erth       2%         N/A       100%        4
 Olgreb's Toxic Radiance  Pois           4%         N/A       100%        4
 Agony                    Necr           4%         N/A       100%        5
 Borgnjor's Vile Clutch   Necr/Erth      2%         N/A       100%        5
 Iskenderun's Battlesphe  Conj           4%         2d6       100%        5
 Lee's Rapid Deconstruct  Erth           2%         3d5*      100%        5
 Summon Mana Viper        Hex/Summ       4%         N/A       100%        5
 Death Channel            Necr           2%         N/A       100%        6
 Iron Shot                Conj/Erth      2%         9d2       100%        6
 Statue Form              Tmut/Erth      2%         N/A       100%        6
 Summon Cactus Giant      Summ           2%         N/A       100%        6
 Ozocubu's Refrigeration  Ice            2%         4d5       100%        7
 Spellforged Servitor     Conj/Summ      2%         N/A       100%        7
 Storm Form               Tmut/Air       2%         N/A       100%        7
 Ignition                 Fire           2%         3d3       100%        8


Dungeon Overview and Level Annotations

Branches:
Dungeon (14/15)            Temple (0/1) D:5            Lair (6/6) D:11
 Shoals (0/4) Lair:3        Snake (0/4) Lair:4        Slime (0/5) Lair:5
    Orc (0/2) D:11         Vaults (0/5) D:13        Ossuary (visited)
  IceCv (visited)         Gauntlet (visited)

Shops:
D:5 *   D:8 *=!   D:10 (   D:13 [

Annotations:
Lair:3 Hydra!
Lair:4 Hydra!
Lair:6 exclusions: obsidian statue and 3 oklob plants


Innate Abilities, Weirdness & Mutations

You have an increased reservoir of magic. (+10% MP)
You shall have no god before yourself.
Your divine heritage dramatically boosts your attributes as you level up.


Message History

You hit the large slime creature but do no damage.
A large slime creature splits.
The slime creature hits you!
Two slime creatures merge to form a very large slime creature.
HP: 106/118 (-11) ==========-- You slice the slime creature!!
You freeze the slime creature.
The slime creature is heavily wounded.
The slime creature barely misses you.
You hit the slime creature. You freeze the slime creature.
The slime creature is heavily wounded.
The slime creature misses you.
You slash the slime creature! You freeze the slime creature.
The slime creature is almost dead.
The very large slime creature hits you!!!
The slime creature hits you but does no damage.
The slime creature misses you.
HP: 65/118 (-42) ======------ !!!
Casting: Lesser Beckoning (mildly dangerous; 3% risk of failure)
Confirm with . or Enter, or press ? or * to list all spells.
You blink.
MP: 23/25 (-2)
You throw a poisoned dart.
The poisoned dart hits the slime creature.
The slime creature attacks as you move away!
The slime creature hits you but does no damage.
The slime creature attacks as you move away!
The slime creature hits you but does no damage.
Two slime creatures merge to form a large slime creature.
You slash the large slime creature! You freeze the large slime creature.
The large slime creature is heavily wounded.
A very large slime creature splits.
Two slime creatures merge to form an enormous slime creature.
Two slime creatures merge to form a titanic slime creature.
Really walk into that dispersal trap?
You enter a dispersal trap!
The titanic slime creature blinks! x2; You blink.
Really walk into that dispersal trap?
The titanic slime creature attacks as you move away!
The titanic slime creature hits you!
You enter a dispersal trap!
The titanic slime creature blinks!
You blink.
The titanic slime creature hits you!!!!
Ouch! That really hurt!
You die...

###########################################
..........................................#
####............##...§..§..J@.........###.#
................##....§###............###.#
................##.....###†....###........#
................##........................#
#####'######'#..##....######'#'####'#.....#
.............#..##....#......#......#.....#
.............#........#......#......#.###.#
.............##########......#......#.# #.#
.............# #......##.....#.###.#
...###..##'#### #......##.....#.....#
...###..#.....# ........##.....#.....#


You could see a titanic slime creature.

Vanquished Creatures
  Azrael (D:14)
  A minotaur (Gauntlet)
  3 vault guards (D:13)
  An ice dragon (IceCv)
  A boulder beetle (D:13)
  3 hydras
  A death knight (D:14)
  A rakshasa (D:14)
  An ogre mage (D:13)
  7 two-headed ogres
  4 centaur warriors
  6 death yaks
  A deep elf archer (D:13)
  An orc knight (D:13)
  2 necromancers
  A deep elf pyromancer (D:12)
  A cyclops (D:10)
  4 ugly things (D:14)
  A manticore (D:11)
  4 elephants
  2 ice statues (IceCv)
  3 black mambas
  A merfolk siren (Lair:3)
  Joseph (D:10)
  10 cane toads
  A dire elephant skeleton (Lair:6)
  Maggie (D:7)
  A kobold demonologist (D:9)
  10 komodo dragons
  A freezing wraith (D:14)
  A tengu conjurer (D:13)
  6 rime drakes
  3 ice devils
  3 merfolk (Lair:3)
  9 trolls
  Prince Ribbit (D:7)
  4 polar bears
  A dream sheep (Lair:3)
  5 slime creatures (D:13)
  29 blink frogs
  4 shadows
  A vampire (D:11)
  Sigmund (D:6)
  5 wraiths
  A water elemental (D:11)
  7 wyverns
  44 yaks
  2 basilisks
  A human (D:13)
  7 vampire mosquitoes (D:11)
  Grum (D:10)
  4 fire elementals (D:14)
  2 steam dragons
  A death yak simulacrum (Lair:6)
  Edmund (D:5)
  An acid dragon (D:10)
  20 water moccasins
  3 hell hounds (D:14)
  3 nagas (Lair:4)
  4 orc warriors
  2 sky beasts
  2 black bears
  3 ice beasts
  An ogre (D:4)
  12 centaurs
  An elephant skeleton (Lair:6)
  28 wolves
  An elf zombie (D:7)
  Blork the orc (D:6)
  2 kobold brigands
  13 bullfrogs
  A necrophage (D:7)
  2 elf skeletons (D:7)
  A scorpion (D:6)
  A cane toad simulacrum (Lair:6)
  10 wights
  2 lindwurm simulacra (IceCv)
  An elephant simulacrum (Lair:6)
  2 howler monkeys (D:11)
  4 electric eels
  6 komodo dragon simulacra (IceCv)
  A centaur zombie (Ossuary)
  12 hounds
  2 human zombies
  4 jellies (Lair:5)
  2 orc priests
  2 gnoll shamans
  4 iguanas
  4 orc wizards
  5 mummies (Ossuary)
  6 acid dragon simulacra (IceCv)
  5 adders
  3 gnolls (D:7)
  A shadow imp (D:5)
  6 white imps
  3 ufetubi
  5 steam dragon simulacra (IceCv)
  3 worms
  17 dart slugs
  24 orcs
  5 ball pythons
  9 endoplasms
  A giant cockroach (D:2)
  2 gnoll zombies (Ossuary)
  A goblin (D:3)
  4 hobgoblins
  3 jackals (D:2)
  2 quokkas
  3 bats (D:1)
  6 frilled lizards
  2 goblin zombies (Ossuary)
  15 kobolds
  A kobold zombie (Ossuary)
  2 orc skeletons (D:7)
  An orc zombie (Ossuary)
  4 rats
517 creatures vanquished.

Vanquished Creatures (collateral kills)
  A vault guard (D:13)
  An acid dragon simulacrum (IceCv)
  A steam dragon simulacrum (IceCv)
3 creatures vanquished.

Vanquished Creatures (others)
  16 demonic plants (Gauntlet)
  34 fungi
  54 plants
  10 withered plants (Lair:6)
114 creatures vanquished.

Grand Total: 634 creatures vanquished

Notes
Turn   | Place    | Note
-------+----------+-------------------------------------------
     0 | D:1      | CannotBeFrozen the Demigod Warper began the quest for the
                  | Orb.
     0 | D:1      | Reached XP level 1. HP: 17/17 MP: 5/5
    39 | D:1      | Reached skill level 2 in Long Blades
   762 | D:1      | Reached XP level 2. HP: 10/24 MP: 7/7
   935 | D:1      | Learned a level 2 spell: Blink
  1506 | D:2      | Reached skill level 3 in Long Blades
  1720 | D:2      | Reached XP level 3. HP: 29/29 MP: 8/8
  2030 | D:2      | Identified the +6 mace of Opsanirph {spect, Fly rElec rC-
                  | Will++}
  2938 | D:3      | Noticed an air elemental
  2939 | D:3      | Noticed a water elemental
  2939 | D:3      | Noticed a fire elemental
  2939 | D:3      | Noticed an earth elemental
  3135 | D:3      | Reached skill level 4 in Long Blades
  3135 | D:3      | Reached XP level 4. HP: 34/36 MP: 9/9
  3909 | D:4      | Noticed an ogre
  3932 | D:4      | Killed an ogre
  3933 | D:4      | Reached skill level 1 in Armour
  3933 | D:4      | Reached XP level 5. HP: 21/41 MP: 10/10
  4542 | D:4      | Reached skill level 5 in Long Blades
  4843 | D:5      | Entered Level 5 of the Dungeon
  4906 | D:5      | Noticed a water moccasin
  4940 | D:5      | Killed a water moccasin
  4941 | D:5      | Reached XP level 6. HP: 17/48 MP: 11/11
  5204 | D:5      | Found a staircase to the Ecumenical Temple.
  5475 | D:5      | Reached skill level 6 in Long Blades
  5557 | D:5      | Found Fiuh's Gadget Gallery.
  5634 | D:5      | Reached XP level 7. HP: 49/55 MP: 13/13
  5844 | D:6      | Noticed Sigmund
  6544 | D:6      | Noticed Edmund
  6548 | D:6      | Killed Sigmund
  6549 | D:6      | Reached skill level 7 in Long Blades
  6549 | D:6      | Reached XP level 8. HP: 50/62 MP: 15/15
  6659 | D:5      | Killed Edmund
  7179 | D:6      | Noticed Blork the orc
  7205 | D:6      | Killed Blork the orc
  7381 | D:6      | Learned a level 3 spell: Gell's Gravitas
  7385 | D:6      | Learned a level 3 spell: Lesser Beckoning
  7389 | D:6      | Learned a level 3 spell: Teleport Other
  7843 | D:7      | Found a sand-covered staircase.
  7901 | Ossuary  | Entered an ossuary
  8112 | Ossuary  | Reached skill level 5 in Translocations
  8565 | D:7      | Noticed Prince Ribbit
  8828 | D:7      | Reached skill level 8 in Long Blades
  8828 | D:7      | Reached XP level 9. HP: 65/71 MP: 17/17
  9148 | D:7      | Noticed Maggie
  9170 | D:7      | Killed Maggie
  9347 | D:7      | Killed Prince Ribbit
  9616 | D:8      | Found Umoqups's Jewellery Boutique.
  9617 | D:8      | Found Umor's Assorted Antiques.
  9807 | D:8      | Noticed a two-headed ogre
  9927 | D:7      | Reached skill level 9 in Long Blades
 10050 | D:7      | Learned a level 5 spell: Manifold Assault
 10050 | D:7      | Upgraded the game from 0.29-a0-690-g32ab5fea29 to
                  | 0.29-a0-716-gf28ee254f9
 10246 | D:8      | Bought a scimitar for 108 gold pieces
 10545 | D:8      | Reached skill level 5 in Fighting
 11023 | D:8      | Reached XP level 10. HP: 32/81 MP: 19/19
 11440 | D:8      | Found Womeufiu's Distillery.
 11620 | D:9      | Reached skill level 10 in Long Blades
 11948 | D:9      | Noticed a sixfirhy
 11956 | D:9      | Noticed a sun demon
 12994 | D:10     | Entered Level 10 of the Dungeon
 13008 | D:10     | Found Vuesim's Weapon Shoppe.
 13082 | D:10     | Noticed a two-headed ogre
 13089 | D:10     | Killed a two-headed ogre
 13090 | D:10     | Reached skill level 11 in Long Blades
 13269 | D:10     | Noticed a two-headed ogre
 13282 | D:10     | Killed a two-headed ogre
 13410 | D:10     | Noticed Grum
 13419 | D:10     | Killed Grum
 13607 | D:10     | Noticed Joseph
 13621 | D:10     | Killed Joseph
 13865 | D:10     | Noticed a cyclops
 13879 | D:10     | Reached XP level 11. HP: 86/86 MP: 6/20
 13893 | D:10     | Reached skill level 12 in Long Blades
 13999 | D:10     | Identified the +8 chain mail of the Pits of Slime {rCorr}
 14621 | D:11     | Found a staircase to the Orcish Mines.
 14772 | D:11     | Found a staircase to the Lair.
 15834 | D:11     | Noticed a two-headed ogre
 15870 | D:11     | Killed a two-headed ogre
 15871 | D:11     | Reached skill level 13 in Long Blades
 16214 | D:7      | Killed a two-headed ogre
 16348 | Lair:1   | Entered Level 1 of the Lair of Beasts
 16630 | Lair:1   | Found a frozen archway.
 16644 | Lair:1   | HP: 4/86 [ice devil (10)]
 16686 | IceCv    | Entered an ice cave
 18315 | IceCv    | Reached skill level 14 in Long Blades
 18844 | IceCv    | Noticed an ice dragon
 19182 | IceCv    | Reached skill level 10 in Translocations
 19182 | IceCv    | Reached XP level 12. HP: 78/94 MP: 21/21
 19290 | IceCv    | Killed an ice dragon
 21401 | Lair:2   | Reached skill level 5 in Armour
 21401 | Lair:2   | Reached skill level 5 in Dodging
 21536 | Lair:2   | Reached skill level 5 in Spellcasting
 22114 | Lair:3   | Noticed a five-headed hydra
 22858 | Lair:3   | Found a staircase to the Shoals.
 23378 | Lair:3   | Reached XP level 13. HP: 90/104 MP: 24/24
 24146 | Lair:4   | Found a staircase to the Snake Pit.
 24497 | Lair:4   | Reached skill level 1 in Evocations
 24737 | Lair:5   | Found a gate leading to a gauntlet.
 24787 | Gauntlet | Entered a Gauntlet
 24787 | Gauntlet | Found a transporter.
 24787 | Gauntlet | Found a transporter.
 24791 | Gauntlet | Found a transporter.
 24791 | Gauntlet | Found a transporter.
 24818 | Gauntlet | Found a transporter.
 24843 | Gauntlet | Found a transporter.
 24846 | Gauntlet | Found a transporter.
 24852 | Gauntlet | Found a transporter.
 24854 | Gauntlet | Found a transporter.
 24866 | Gauntlet | Found a transporter.
 24886 | Gauntlet | Found a transporter.
 24944 | Gauntlet | Found a transporter.
 24961 | Gauntlet | Found a transporter.
 25046 | Gauntlet | Found a transporter.
 25195 | Gauntlet | Identified the ring "Danut" {*Corrode rC+++ Int+6 Dex+5}
 25244 | Gauntlet | Reached skill level 5 in Evocations
 25341 | Gauntlet | Identified the +0 pair of gloves "Jetwixoe" {Str+3}
 25380 | Gauntlet | Noticed a minotaur
 25399 | Gauntlet | Killed a minotaur
 25444 | Gauntlet | Identified the +1 whip of Contention {vamp, rPois rN+
                  | Str-3}
 25727 | Lair:5   | Found a staircase to the Slime Pits.
 25844 | Lair:5   | Identified the +0 robe "Uvvux" {rN+ Str+6 Int-4}
 26266 | Lair:6   | Entered Level 6 of the Lair of Beasts
 27879 | Lair:6   | Noticed a dire elephant
 27879 | Lair:6   | Noticed a dire elephant
 29776 | D:13     | Reached XP level 14. HP: 108/115 MP: 25/25
 29878 | D:13     | Found Kiwk's Antique Armour Emporium.
 30713 | D:13     | Found a gate to the Vaults.
 31828 | D:14     | Noticed Azrael
 31862 | D:14     | Killed Azrael
 32097 | D:14     | Identified a scroll of acquirement
 33141 | D:14     | Demolished by a titanic slime creature

Illustrated notes

Levels and vault maps discovered:
D:1:      lemuel_arrival_behind_the_door_large, layout_loops_corners,
          ebering_ecumenical_altar_rust, wander_ebering_terrifying_dragon_lair
D:2:      layout_basic
D:3:      kennysheep_slugbush, layout_loops_ring, mainiacjoe_overflow_catwalk,
          mainiacjoe_overflow_six_doors_small, nicolae_qazlal_style_of_elements,
          mainiacjoe_overflow_tiny_flanked, feat_on_display
D:4:      layout_loops_ring, dreamdust_princess_corridor, dk_noncrumbling_3,
          minmay_misc_feat_rugged
D:5:      layout_cave_pools, kennysheep_mini, minmay_temple_entry_ruins,
          chequers_garden, nicolae_shop_gadgets
D:6:      layout_basic, st_stairs_4, minivault_27, uniq_sigmund,
          uniq_blork_the_orc, uniq_edmund
D:7:      layout_rooms, nicolae_ossuary_entry_catacombs, uniq_prince_ribbit1,
          uniq_maggie
D:8:      layout_loops_ring, serial_shops, nicolae_square_shop,
          nicolae_lakefront_shop, shop, grunt_ministairs_9
D:9:      layout_loops_corners, chequers_temple_overflow_minitemple,
          skrybe_limestone_x
D:10:     layout_roguey, minitemple, amcnicky_altar_gilded, serial_shops,
          shop_fountains, dreamdust_gnoll_shepherd, uniq_grum, uniq_joseph
D:11:     layout_loops_ring, erik_lair_island, minmay_misc_feat_secret_circle,
          okawaru_gym_becter
D:12:     layout_basic
D:13:     layout_roguey, grunt_vaults_entry_fortified, serial_shops,
          nicolae_shop_trees
D:14:     layout_stronghold, kennysheep_path_1, uniq_azrael
Lair:1:   layout_small_grid, portal_ice_cave_demonic_guard, beast_lair_carwin_4,
          serial_bayou_shore_b, lemuel_fruit_fields, grunt_megastairs_3
Lair:2:   layout_small_grid
Lair:3:   layout_regular_city, elwin_shoals_entry_stream, nzn_random_ring,
          serial_bayou_shore_a
Lair:4:   statuecave_lemuel, layout_long_grid,
          minmay_snake_entry_guardpost_small, serial_rivers,
          chequers_serial_rivers_micro_b, chequers_serial_rivers_micro_c,
          chequers_serial_rivers_small_3, chequers_serial_rivers_room_a,
          chequers_serial_rivers_room_a, chequers_serial_rivers_large_a
Lair:5:   layout_gridlike, minmay_slime_entry_pillars, gauntlet_entry_generic,
          lemuel_fruit_fields
Lair:6:   due_jungle_book, layout_regular_city, dpeg_oklob_1, grunt_megastairs_5

Skill      XL: |  1  2  3  4  5  6  7  8  9 10 11 12 13 14 |
---------------+-------------------------------------------+-----
Fighting       | 2 3 5 6 8 9 |  9.3
Long Blades    | 2 3 4 5 6 7 8 9 11 14 | 14.0
Armour         | 1 2 3 4 5 7 8 |  8.9
Spellcasting   | 2 3 4 5 |  5.0
Translocations | 3 4 5 6 8 10 11 12 | 12.1
Dodging        | 2 3 4 5 7 8 |  8.9
Evocations     | 5 |  5.0
Throwing       | |  0.8

Action                   |  1- 3 |  4- 6 |  7- 9 | 10-12 | 13-15 || total
-------------------------+-------+-------+-------+-------+-------++-------
Melee: Falchion          |   146 |   187 |   496 |       |       ||   829
       Punch             |       |     3 |    13 |    18 |    12 ||    46
       Scimitar          |       |       |    73 |   802 |   726 ||  1601
Throw: Stone             |     5 |     6 |     9 |     5 |       ||    25
       Dart              |     1 |     5 |    42 |   137 |    53 ||   238
       Boomerang         |       |     7 |       |       |       ||     7
 Cast: Blink             |     1 |     1 |    10 |    11 |     6 ||    29
       Gell's Gravitas   |       |       |       |    44 |    15 ||    59
       Lesser Beckoning  |       |       |       |     4 |     5 ||     9
       Manifold Assault  |       |       |       |       |     1 ||     1
Evoke: Wand              |       |       |    12 |    29 |    30 ||    71
       Box of beasts     |       |       |       |       |     1 ||     1
       Phial of floods   |       |       |       |       |     1 ||     1
  Use: Scroll            |     5 |     5 |     7 |    11 |     7 ||    35
       Potion            |       |     1 |     1 |     6 |     5 ||    13
 Stab: Distracted        |     1 |       |       |     1 |     1 ||     3
       Sleeping          |       |       |     1 |       |       ||     1
       Invisible         |       |       |       |     9 |       ||     9
Armor: Leather armour    |    45 |    17 |       |       |       ||    62
       Ring mail         |       |    60 |   267 |   280 |    77 ||   684
       Plate armour      |       |       |       |    10 |       ||    10
       Chain mail        |       |       |       |       |   254 ||   254
Dodge: Dodged            |    76 |   105 |   282 |   396 |   493 ||  1352
Block: Other             |       |       |       |       |   103 ||   103
       Reflection        |       |       |       |       |    11 ||    11

Table legend: (Time is in decaauts)
 A = Elapsed time spent in this place.
 B = Non-inter-level travel time spent in this place.
 C = Inter-level travel time spent in this place.
 D = Time resting spent in this place.
 E = Time spent auto-exploring this place.
 F = Levels seen in this place.
 G = Mean time per level.
                   A        B        C        D        E       F      G
               +--------+--------+--------+--------+--------+-----+--------+
         Total |  32768 |  31562 |   1206 |   9101 |  14926 |  23 | 1424.7 |
       Dungeon |  20351 |  19491 |    860 |   5013 |   9967 |  14 | 1453.6 |
          Lair |   7951 |   7605 |    346 |   1325 |   4386 |   6 | 1325.2 |
       Ossuary |    422 |    422 |      0 |    105 |     76 |   1 |  422.0 |
      Ice Cave |   3336 |   3336 |      0 |   2618 |    169 |   1 | 3336.0 |
      Gauntlet |    707 |    707 |      0 |     39 |    327 |   1 |  707.0 |
               +--------+--------+--------+--------+--------+-----+--------+

Top non-repeatable levels by time:
   IceCv: 3336 daAuts
  Lair:6: 2176 daAuts
     D:7: 2081 daAuts
    D:11: 1771 daAuts
    D:14: 1713 daAuts
     D:5: 1654 daAuts
     D:9: 1583 daAuts
    D:13: 1551 daAuts
  Lair:3: 1533 daAuts
     D:1: 1458 daAuts
    D:10: 1458 daAuts
     D:3: 1457 daAuts
  Lair:1: 1407 daAuts
     D:6: 1382 daAuts
     D:8: 1262 daAuts
